 Dungeon Crawl Stone Soup version 0.30-a0-311-gf115ab0292 (webtiles) character file.

Game seed: 9277894756238487602

24574 Kirkhe the Scholar of Death (level 12, -19/86 HPs)
             Began as a Demonspawn Necromancer on Oct 25, 2022.
             Was a Follower of Kikubaaqudgha.
             Hit by a silver javelin thrown by a minotaur (32 damage)
             ... in a Gauntlet.
             The game lasted 00:54:51 (16873 turns).

Kirkhe the Scholar of Death (DsNe)                 Turns: 16873, Time: 00:54:57

Health: -19/86     AC:  7    Str: 11    XL:     12   Next: 81%
Magic:  25/28      EV: 13    Int: 21    God:    Kikubaaqudgha [*.....]
Gold:   616        SH:  0    Dex: 18    Spells: 22/36 levels left

rFire   + . .      SeeInvis .    g - +1 whip (pain)
rCold   + . .      Faith    .    (no shield)
rNeg    + + .      Spirit   .    r - +2 leather armour {rPois}
rPois   +          Reflect  .    (helmet restricted)
rElec   +          Harm     .    (cloak unavailable)
rCorr   .          Rampage  .    j - +1 pair of gloves
Will    .....      Clarity  +    (no boots)
Stlth   +++....... NoTele   +    (no amulet)
HPRegen 0.34/turn                I - ring "Faicvy" {rElec rN+ Str+2}
MPRegen 0.42/turn                P - ring of Oseex {rF+ rC+ rN+ Dex+4}

@: no status effects
A: antennae 2, claws 1, magic regeneration, demonic magic 1, weakness stinger 3,
clarity, sturdy frame 1, noise suppression
a: Renounce Religion, Unearth Wretches


You were in a Gauntlet.
You worshipped Kikubaaqudgha.
Kikubaaqudgha was aware of your devotion.
You visited 3 branches of the dungeon, and saw 15 of its levels.
You also visited: Gauntlet.

You collected 959 gold pieces.
You spent 343 gold pieces at shops.

Inventory:

Hand Weapons
 g - a +1 whip of pain (weapon)
 O - the +4 broad axe "Sext" {drain, rPois rF+ rCorr}
   (You found it on level 1 of the Lair of Beasts)

   A truly terrible weapon, it drains the life of any living foe it strikes.
   rF:        It protects you from fire.
   rPois:     It protects you from poison.
   rCorr:     It protects you from acid and corrosion.
Missiles
 u - 2 throwing nets
Armour
 a - a +0 robe
 h - a +0 cloak
 j - a +1 pair of gloves (worn)
 r - a +2 leather armour of poison resistance (worn)
 C - +0 steam dragon scales
 J - a +2 chain mail of cold resistance
Jewellery
 e - a ring of ice
 n - a ring of flight
 x - a +6 ring of strength
 F - a ring of protection from fire
 I - the ring "Faicvy" (left hand) {rElec rN+ Str+2}
   (You found it on level 10 of the Dungeon)

   [ring of positive energy]

   Str:       It affects your strength (+2).
   rElec:     It insulates you from electricity.
   rN:        It protects you from negative energy.
 N - a +6 ring of dexterity
 P - the ring of Oseex (right hand) {rF+ rC+ rN+ Dex+4}
   (You found it in a Gauntlet)

   [ring of protection from fire]

   Dex:       It affects your dexterity (+4).
   rF:        It protects you from fire.
   rC:        It protects you from cold.
   rN:        It protects you from negative energy.
 Q - a +6 ring of intelligence
Wands
 d - a wand of flame (44)
 l - a wand of digging (2)
 y - a wand of light (12)
 D - a wand of paralysis (8)
Scrolls
 i - 5 scrolls of enchant armour
 v - 3 scrolls of butterflies
 w - 2 scrolls of enchant weapon
 A - a scroll of identify
 B - 2 scrolls of blinking
 G - 2 scrolls of fear
 H - a scroll of silence
 L - 3 scrolls of teleportation
 M - 2 scrolls of amnesia
Potions
 b - 5 potions of magic
 c - a potion of mutation
 f - 2 potions of lignification
 k - 5 potions of curing
 m - a potion of attraction
 o - 2 potions of brilliance
 p - 4 potions of flight
 s - a potion of ambrosia
 t - 4 potions of resistance
 z - a potion of cancellation
 E - 3 potions of invisibility
 K - a potion of haste
 R - a potion of might {unknown}


   Skills:
 + Level 5.4 Fighting
 + Level 7.0 Maces & Flails
 + Level 2.4 Dodging
 + Level 4.0 Stealth
 + Level 0.2 Unarmed Combat
 + Level 12.9 Spellcasting
 + Level 0.6 Hexes
 + Level 14.9 Necromancy
 + Level 1.5 Evocations


You had 22 spell levels left.
You knew the following spells:

 Your Spells              Type           Power      Damage    Failure   Level
a - Necrotise             Necr           100%       1d9       0%          1
b - Vampiric Draining     Necr           66%        2d10      1%          3
c - Animate Dead          Necr           66%        N/A       1%          4
d - Anguish               Hex/Necr       23%        N/A       1%          4
e - Sublimation of Blood  Necr           66%        N/A       0%          2

Your spell library contained the following spells:

 Spells                   Type           Power      Damage    Failure   Level
 Cigotuvi's Dreadful Rot  Necr/Pois/Air  68%        N/A       1%          2
 Agony                    Necr           66%        N/A       1%          5
 Beastly Appendage        Tmut           26%        N/A       5%          1
 Ensorcelled Hibernation  Hex/Ice        28%        N/A       7%          2
 Poisonous Vapours        Pois/Air       26%        N/A       8%          2
 Static Discharge         Conj/Air       26%        2-4/arc   8%          2
 Wereblood                Tmut           13%        N/A       8%          2
 Mephitic Cloud           Conj/Pois/Air  13%        N/A       16%         3
 Spider Form              Tmut/Pois      13%        N/A       16%         3
 Vhi's Electric Charge    Tloc/Air       26%        N/A       16%         3
 Petrify                  Tmut/Erth      13%        N/A       45%         4
 Metabolic Englaciation   Hex/Ice        7%         N/A       77%         5
 Arcjolt                  Conj/Air       6%         1d16      82%         5
 Fireball                 Conj/Fire      6%         3d5       82%         5
 Iskenderun's Battlesphe  Conj           13%        2d7       82%         5
 Lightning Bolt           Conj/Air       6%         1d18      82%         5
 Conjure Ball Lightning   Conj/Air       6%         3x3d6     100%        6
 Statue Form              Tmut/Erth      8%         N/A       100%        6
 Orb of Destruction       Conj           6%         9d6       100%        7


Dungeon Overview and Level Annotations

Branches:
Dungeon (12/15)            Temple (1/1) D:5            Lair (2/5) D:9
    Orc (0/2) D:12        Gauntlet (1/1)
  Swamp: Lair:2-3    Shoals: Lair:2-3     Snake: Lair:2-3    Spider: Lair:2-3

Altars:
Ashenzari
Cheibriados
Dithmenos
Fedhas
Gozag
Hepliaklqana
Kikubaaqudgha
Makhleb
Nemelex Xobeh
Okawaru
Qazlal
Ru
Sif Muna
Trog
Uskayaw
Vehumet
Wu Jian
Xom
Yredelemnul

Shops:
D:8 ?   D:10 :   D:12 ?

Annotations:
D:12 1 runed translucent door, Rupert; decrepitue's ghost, journeyman OpTm
Lair:1 Sonja Gauntlet 8 transporters, 21 runed translucent doors


Innate Abilities, Weirdness & Mutations

You have a pair of antennae on your head.
You have sharp fingernails.
You regenerate magic rapidly.
Spells you cast may paralyse adjacent enemies.
You have a sharp stinger which inflicts weakening toxins.
You possess an exceptional clarity of mind.
Your movements are slightly less encumbered by armour. (ER -2)
You passively dampen the noise of your surroundings.


Message History

The silver javelin pierces through your redback zombie.
Your redback zombie is destroyed!
The silver javelin pierces through your slime creature zombie!
The silver javelin pierces through you!!
The silver sears you!
You feel much better.
The minotaur hits your slime creature zombie with a +0 lajatang!
The minotaur gores your slime creature zombie!
The minotaur hits your slime creature zombie with a +0 lajatang!!!
The minotaur gores your slime creature zombie!
Your slime creature zombie is destroyed!
There is an open door here.
Casting: Vampiric Draining (safe; 1% risk of failure)
Confirm with . or Enter, or press ? or * to list all spells.
Aiming: Necrotise (safe; 0% risk of failure)
Press: ? - help, Shift-Dir - straight line, f/p - minotaur
Aim: a minotaur, wielding a +0 lajatang, wearing a +10 plate armour of ponderousness and quivering silver javelins (lightly wounded, ally target, chance to affect: 20%)
The minotaur resists with almost no effort.
Malevolent energies surge around you.
The minotaur throws a silver javelin.
The silver javelin closely misses you.
The silver javelin pierces through your deep elf pyromancer zombie.
The minotaur hits you with a +0 lajatang!!
The minotaur gores you.
Casting: Necrotise (safe; 0% risk of failure)
Confirm with . or Enter, or press ? or * to list all spells.
Aiming: Vampiric Draining (safe; 1% risk of failure)
Press: ? - help, Shift-Dir - straight line, f/p - minotaur
Aim: a minotaur, wielding a +0 lajatang, wearing a +10 plate armour of ponderousness and quivering silver javelins (lightly wounded, ally target)
You draw life force from the minotaur!
You feel life coursing into your body. Malevolent energies surge around you.
The minotaur hits you with a +0 lajatang!!
* * * LOW HITPOINT WARNING * * *
The minotaur misses you.
You swap places.
Your deep elf pyromancer zombie hits the minotaur but does no damage.
The minotaur throws a silver javelin.
The silver javelin completely misses your deep elf pyromancer zombie.
The silver javelin pierces through you!!
You die...
Kikubaaqudgha rasps: "You have failed me!
Welcome... death!"

.+.|#..#≈8≈#
.+.4#..#...# ####
.+.5#..#.8.##...#
##.3#..#...##.#.#
+3.5#..#.8....#.# {
+4..#..#...##.#.# ##+##
#####..#...##...# ..⌠.#
......≈#.©.##.#.##∩...#
......§#..ZZZ.#.@ZH..⌠+
......≈#.{.##.#.##.⌠..#
#####..#..{##...# #+###
...##..#...##.#.#
..#.#..#.8....#.#
.#..#..#...##.#.#
#...#..#.8.##...#
...©#..#...######
#...#..#≈8≈#


You could see a minotaur (ally target) and a friendly deep elf pyromancer
zombie.

Vanquished Creatures
  Harold (D:10)
  Erolcha (D:10)
  A boulder beetle (D:12)
  5 two-headed ogres
  Urug (Lair:1)
  Amaemon (Lair:1)
  Pikel (D:4)
  2 deep elf pyromancers
  A wolf spider (Gauntlet)
  An ugly thing (D:12)
  A manticore (D:11)
  A cyclops (D:11)
  A moth of wrath (Gauntlet)
  A black mamba (Lair:1)
  An orange demon (Lair:1)
  A gargoyle (D:12)
  2 unseen horrors
  A cane toad (Lair:1)
  A kobold demonologist (D:11)
  A troll (D:11)
  A slime creature (D:12)
  Prince Ribbit (D:6)
  21 yaks
  A basilisk (D:9)
  A redback (Gauntlet)
  4 vampire mosquitoes
  5 water moccasins (Lair:1)
  Duvessa (D:5)
  An ice beast (D:8)
  5 orc warriors
  3 ogres
  A black bear (D:5)
  3 wolves (Lair:2)
  7 centaurs
  A lemure (D:3)
  Blork the orc (D:4)
  3 kobold brigands
  5 bullfrogs
  A gnoll sergeant (D:9)
  A necrophage (D:6)
  3 scorpions
  7 wights
  5 killer bees (D:7)
  8 howler monkeys
  4 hounds
  2 jellies
  12 orc priests
  Crazy Yiuf (D:4)
  4 iguanas
  3 gnoll boudas (D:6)
  12 orc wizards
  Robin (D:3)
  5 adders
  19 gnolls
  2 shadow imps
  2 worms
  A dart slug (D:2)
  62 orcs
  2 bats
  14 endoplasms
  6 giant cockroaches
  18 goblins
  11 hobgoblins
  2 jackals (D:1)
  20 kobolds
  7 quokkas
  7 ball pythons
  2 frilled lizards
  3 rats (D:1)
338 creatures vanquished.

Vanquished Creatures (collateral kills)
  An elephant (D:9)
  A gargoyle (D:11)
  A komodo dragon (Lair:1)
  6 flying skulls (Gauntlet)
  9 yaks
  2 wraiths
  A redback (Gauntlet)
  A basilisk (D:9)
  A vampire mosquito (D:10)
  A steam dragon (D:8)
  A water moccasin (D:4)
  A phantom (D:7)
  Dowan (D:5)
  A killer bee (D:7)
  A howler monkey (D:10)
  An orc priest (D:8)
  A gnoll (D:6)
  A worm (D:3)
  A ball python (D:1)
  2 goblins
  2 jackals (D:1)
  3 kobolds
40 creatures vanquished.

Vanquished Creatures (others)
  An eleionoma (Gauntlet)
  A boulder beetle (D:12)
  A death knight (D:10)
  A tengu warrior (D:12)
  A wolf spider zombie (Gauntlet)
  An eleionoma zombie (Gauntlet)
  2 redback zombies (Gauntlet)
  A slime creature (Gauntlet)
  A basilisk (D:11)
  A slime creature zombie (Gauntlet)
  A tengu zombie (D:12)
  A vampire mosquito (D:10)
  A vampire mosquito zombie (D:10)
  A cyclops zombie (D:11)
  12 yak zombies
  A bullfrog zombie (Lair:1)
  A basilisk zombie (D:11)
  4 killer bee zombies (D:7)
  An ogre zombie (D:5)
  A howler monkey zombie (D:10)
  An elf zombie (D:5)
  2 gnoll zombies (D:6)
  2 iguana zombies
  7 kobold zombies
  15 orc zombies
  6 fungi
  16 plants
84 creatures vanquished.

Grand Total: 462 creatures vanquished

Notes
Turn   | Place    | Note
-------+----------+-------------------------------------------
     0 | D:1      | Kirkhe the Demonspawn Necromancer began the quest for the
                  | Orb.
     0 | D:1      | Reached XP level 1. HP: 13/13 MP: 3/3
   318 | D:1      | Discovered your monstrous ancestry.
   318 | D:1      | Gained mutation: You have a small tail. [demonic ancestry]
   318 | D:1      | Reached XP level 2. HP: 19/19 MP: 1/5
   603 | D:1      | Reached skill level 5 in Necromancy
   740 | D:1      | Gained mutation: You have a tail ending in a sharp stinger.
                  | [demonic ancestry]
   740 | D:1      | Reached XP level 3. HP: 20/24 MP: 3/6
  1683 | D:2      | Found a shadowy altar of Dithmenos.
  1740 | D:2      | Reached XP level 4. HP: 30/30 MP: 5/8
  2685 | D:3      | Reached skill level 1 in Maces & Flails
  2700 | D:3      | Reached XP level 5. HP: 13/35 MP: 2/9
  3263 | D:3      | Reached skill level 6 in Necromancy
  3333 | D:3      | Learned a level 3 spell: Vampiric Draining
  3524 | D:3      | Noticed Robin
  3539 | D:3      | Killed Robin
  3650 | D:3      | Learned a level 4 spell: Animate Dead
  3695 | D:3      | Gained mutation: You have a sharp stinger which inflicts
                  | weakening toxins. [demonic ancestry]
  3695 | D:3      | Reached XP level 6. HP: 42/42 MP: 9/11
  3914 | D:4      | Noticed a water moccasin
  3924 | D:4      | Killed a water moccasin
  4094 | D:4      | Reached skill level 7 in Necromancy
  4155 | D:4      | Noticed Blork the orc
  4164 | D:4      | Killed Blork the orc
  4165 | D:4      | Gained mutation: You regenerate magic rapidly. [demonic
                  | ancestry]
  4165 | D:4      | Reached XP level 7. HP: 25/47 MP: 5/14
  4253 | D:4      | Found an opulent altar of Gozag.
  4305 | D:4      | Reached skill level 5 in Spellcasting
  4413 | D:4      | Noticed Pikel
  4648 | D:4      | Killed Pikel
  4649 | D:4      | Reached skill level 1 in Fighting
  4649 | D:4      | Reached skill level 8 in Necromancy
  4649 | D:4      | Gained mutation: You have a pair of small antennae on your
                  | head. [demonic ancestry]
  4649 | D:4      | Reached XP level 8. HP: 55/55 MP: 6/16
  4837 | D:4      | Found a runed translucent door.
  4838 | D:4      | Noticed Crazy Yiuf
  4937 | D:4      | Killed Crazy Yiuf
  5033 | D:5      | Entered Level 5 of the Dungeon
  5242 | D:5      | Noticed Duvessa
  5315 | D:5      | Found a staircase to the Ecumenical Temple.
  5397 | D:5      | Killed Duvessa
  5412 | D:5      | Noticed Dowan
  5416 | D:5      | Gained mutation: Your movements are slightly less
                  | encumbered by armour. (ER -2) [potion of mutation]
  5416 | D:5      | Gained mutation: You possess an exceptional clarity of
                  | mind. [potion of mutation]
  5416 | D:5      | Gained mutation: You passively dampen the noise of your
                  | surroundings. [potion of mutation]
  5418 | D:5      | Killed Dowan
  5419 | D:5      | Reached skill level 9 in Necromancy
  5440 | D:5      | Your ally Dowan died
  6119 | D:6      | Gained mutation: You have a pair of antennae on your head.
                  | [demonic ancestry]
  6119 | D:6      | Reached XP level 9. HP: 40/62 MP: 11/19
  6502 | D:6      | Found a sparkling altar of Nemelex Xobeh.
  6540 | D:6      | Found an ornate altar of the Wu Jian Council.
  6677 | D:6      | Noticed Prince Ribbit
  6687 | D:6      | Killed Prince Ribbit
  6804 | D:6      | Reached skill level 10 in Necromancy
  7167 | Temple   | Entered the Ecumenical Temple
  8651 | D:8      | Reached skill level 1 in Evocations
  8758 | D:8      | Noticed a two-headed ogre
  8767 | D:8      | Killed a two-headed ogre
  8768 | D:8      | Gained mutation: You have sharp fingernails. [demonic
                  | ancestry]
  8768 | D:8      | Reached XP level 10. HP: 36/70 MP: 5/22
  9138 | D:8      | Found Roatraf's Magic Scroll Shoppe.
  9150 | D:8      | Reached skill level 11 in Necromancy
  9183 | D:8      | Bought a scroll of blinking for 105 gold pieces
  9258 | D:8      | Found a blossoming altar of Fedhas.
  9262 | D:8      | Found a burning altar of Makhleb.
  9332 | D:8      | Found an ancient bone altar of Kikubaaqudgha.
  9340 | D:8      | Became a worshipper of Kikubaaqudgha
  9599 | D:8      | Noticed a two-headed ogre
  9614 | D:8      | Killed a two-headed ogre
  9943 | D:9      | Reached skill level 5 in Maces & Flails
 10095 | D:9      | Found a broken altar of Ashenzari.
 10121 | D:9      | Noticed a two-headed ogre
 10130 | D:9      | Learned a level 4 spell: Anguish
 10380 | D:9      | Killed a two-headed ogre
 10381 | D:9      | Reached skill level 12 in Necromancy
 10436 | D:9      | Reached skill level 10 in Spellcasting
 10623 | D:9      | Reached * piety under Kikubaaqudgha
 10623 | D:9      | Received a gift from Kikubaaqudgha
 11173 | D:9      | Found a staircase to the Lair.
 11293 | D:9      | Noticed an elephant
 11301 | D:9      | Killed an elephant
 11302 | D:9      | Gained mutation: Spells you cast may paralyse adjacent
                  | enemies. [demonic ancestry]
 11302 | D:9      | Reached XP level 11. HP: 76/78 MP: 22/25
 11420 | D:10     | Entered Level 10 of the Dungeon
 11420 | D:10     | Found Girghig's Book Emporium.
 11563 | D:10     | Noticed Erolcha
 12025 | D:10     | Killed Erolcha
 12127 | D:10     | Noticed Harold
 12304 | D:10     | Learned a level 2 spell: Sublimation of Blood
 12358 | D:10     | Reached skill level 13 in Necromancy
 12373 | D:10     | Killed Harold
 12374 | D:10     | Noticed a death knight
 12554 | D:10     | Noticed a two-headed ogre
 12572 | D:10     | Killed a two-headed ogre
 12808 | D:10     | Identified the ring "Faicvy" {rElec rN+ Str+2}
 13268 | D:11     | Found a frozen archway.
 13322 | D:11     | Noticed a two-headed ogre
 13332 | D:11     | Killed a two-headed ogre
 13911 | D:12     | Reached skill level 14 in Necromancy
 13946 | D:12     | Noticed Rupert
 14007 | D:12     | Noticed a boulder beetle
 14022 | D:12     | Killed a boulder beetle
 14023 | D:12     | Reached XP level 12. HP: 84/84 MP: 25/27
 14115 | D:12     | Noticed a boulder beetle
 14144 | D:12     | Killed a boulder beetle
 14207 | D:12     | Found a staircase to the Orcish Mines.
 14420 | D:12     | Noticed decrepitue's ghost (journeyman OpTm)
 14434 | D:12     | Found a runed translucent door.
 14536 | D:12     | Found Zull's Magic Scroll Shop.
 14567 | D:12     | Bought 2 scrolls of teleportation for 84 gold pieces
 14567 | D:12     | Bought a scroll of identify for 28 gold pieces
 14567 | D:12     | Bought a scroll of teleportation for 42 gold pieces
 14567 | D:12     | Bought a scroll of identify for 28 gold pieces
 14569 | D:12     | Bought a scroll of identify for 28 gold pieces
 14569 | D:12     | Bought a scroll of identify for 28 gold pieces
 14654 | Lair:1   | Entered Level 1 of the Lair of Beasts
 14849 | Lair:1   | Noticed Amaemon
 14860 | Lair:1   | Killed Amaemon
 15098 | Lair:1   | Noticed Urug
 15111 | Lair:1   | Killed Urug
 15112 | Lair:1   | Reached skill level 5 in Fighting
 15332 | Lair:1   | Identified the +4 broad axe "Sext" {drain, rPois rF+ rCorr}
 15477 | Lair:1   | Noticed Sonja
 16408 | Lair:2   | Found a gate leading to a gauntlet.
 16418 | Gauntlet | Entered a Gauntlet
 16418 | Gauntlet | Found a transporter.
 16418 | Gauntlet | Found a transporter.
 16418 | Gauntlet | Found a transporter.
 16419 | Gauntlet | Found a transporter.
 16422 | Gauntlet | Found a transporter.
 16424 | Gauntlet | Found a large runed translucent door.
 16425 | Gauntlet | Found a large runed translucent door.
 16426 | Gauntlet | Found a large runed translucent door.
 16426 | Gauntlet | Found a large runed translucent door.
 16426 | Gauntlet | Found a runed translucent door.
 16426 | Gauntlet | Found a runed translucent door.
 16427 | Gauntlet | Found a large runed translucent door.
 16427 | Gauntlet | Found a large runed translucent door.
 16427 | Gauntlet | Found a large runed translucent door.
 16427 | Gauntlet | Found a large runed translucent door.
 16428 | Gauntlet | Found a large runed translucent door.
 16429 | Gauntlet | Found a large runed translucent door.
 16429 | Gauntlet | Found the +3 pair of mountain boots {steadfast, rC+}
 16433 | Gauntlet | Found a transporter.
 16439 | Gauntlet | Found a transporter.
 16441 | Gauntlet | Found a transporter.
 16441 | Gauntlet | Found a large runed translucent door.
 16441 | Gauntlet | Found a large runed translucent door.
 16442 | Gauntlet | Found a large runed translucent door.
 16442 | Gauntlet | Found a large runed translucent door.
 16442 | Gauntlet | Found a large runed translucent door.
 16443 | Gauntlet | Found a large runed translucent door.
 16452 | Gauntlet | Found a runed translucent gate.
 16452 | Gauntlet | Found a runed translucent gate.
 16452 | Gauntlet | Found a runed translucent gate.
 16454 | Gauntlet | Found a transporter.
 16474 | Gauntlet | Noticed a tengu warrior
 16476 | Gauntlet | Found a transporter.
 16501 | Gauntlet | Found a transporter.
 16571 | Gauntlet | Found a transporter.
 16835 | Gauntlet | Identified the ring of Oseex {rF+ rC+ rN+ Dex+4}
 16856 | Gauntlet | Noticed a minotaur
 16873 | Gauntlet | Hit by a silver javelin thrown by a minotaur

Illustrated notes

Levels and vault maps discovered:
D:1:      lightli_arrival_quake, layout_loops_corners
D:2:      layout_basic, basic_altar
D:3:      layout_basic, uniq_robin
D:4:      layout_basic, grunt_gozag_breadcrumbs, uniq_crazy_yiuf_cottage,
          uniq_blork_the_orc, uniq_pikel
D:5:      layout_rooms, old_standard_altar, minmay_temple_entry_large_hall,
          uniq_duvessa
D:6:      layout_loops_ring, mainiacjoe_overflow_alcove_1,
          nicolae_wu_jian_wuxing_cycle, wad_floor_pattern_untrapped,
          uniq_prince_ribbit1
D:7:      layout_loops_corners
D:8:      layout_basic, minmay_overflow_temple_star_quad, serial_shops,
          nicolae_shop_advertising_works [nicolae_subvault_shop_adworks],
          corexii_hall_statues_x, st_stairs_3, eino_tiny_chamber
D:9:      layout_grid_maze, ashenzari_altar_1, david_lair_generic, hex_large
D:10:     layout_loops_cross, serial_shops, nicolae_stop_n_shop_2, uniq_erolcha,
          uniq_harold
D:11:     layout_loops_ring, portal_ice_cave_entry_pillars_1
D:12:     layout_roguey, orc_0_dummy, hellmonk_ghost_big_iron, serial_shops,
          shop_scrolls, uniq_rupert
Temple:   nicolae_temple_two_arcs
Lair:1:   layout_loops_ring, grunt_megastairs_2, uniq_amaemon, uniq_urug,
          uniq_sonja
Lair:2:   layout_regular_city, gauntlet_entry_generic
Gauntlet: gammafunk_gauntlet_shortcut [gammafunk_gauntlet_arena_teeth,
          nicolae_gauntlet_arena_x, nicolae_gauntlet_arena_flowing_pool,
          gammafunk_gauntlet_arena_mazey, gammafunk_gauntlet_arena_grid,
          minmay_gauntlet_arena_make_your_own_arena, gauntlet_exit_hidden_loot]

Skill      XL: |  1  2  3  4  5  6  7  8  9 10 11 12 |
---------------+-------------------------------------+-----
Dodging        | 2 |  2.4
Necromancy     | 5 6 7 8 9 10 12 14 | 14.9
Spellcasting   | 3 4 5 7 8 10 11 12 | 12.9
Maces & Flails | 1 2 3 4 5 7 |  7.0
Fighting       | 1 2 3 4 5 |  5.4
Evocations     | 1 |  1.5
Stealth        | 4 |  4.0
Unarmed Combat | |  0.2
Hexes          | |  0.6

Action                   |  1- 3 |  4- 6 |  7- 9 | 10-12 || total
-------------------------+-------+-------+-------+-------++-------
Melee: Unarmed           |    15 |       |       |       ||    15
       Dagger            |    21 |       |       |       ||    21
       Tailslap          |     4 |    14 |    39 |    82 ||   139
       Whip              |    25 |    85 |   314 |   455 ||   879
       Punch             |       |     2 |     6 |     7 ||    15
 Cast: Necrotise         |    52 |   109 |    46 |    58 ||   265
       Vampiric Draining |       |     1 |    60 |   125 ||   186
       Animate Dead      |       |       |    12 |    18 ||    30
       Anguish           |       |       |       |     5 ||     5
Invok: Unearth Wretches  |       |       |       |     4 ||     4
Evoke: Wand              |       |       |     8 |    13 ||    21
  Use: Scroll            |       |    12 |     1 |    10 ||    23
       Potion            |       |     3 |     5 |     7 ||    15
 Stab: Sleeping          |     2 |     1 |     3 |     3 ||     9
       Distracted        |       |     1 |     2 |     3 ||     6
       Paralysed         |       |       |       |    70 ||    70
Armor: Robe              |    14 |    26 |    15 |       ||    55
       Skin              |       |     3 |    13 |       ||    16
       Leather armour    |       |       |    63 |   152 ||   215
Dodge: Dodged            |    64 |    56 |   183 |   273 ||   576

Table legend: (Time is in decaauts)
 A = Elapsed time spent in this place.
 B = Non-inter-level travel time spent in this place.
 C = Inter-level travel time spent in this place.
 D = Time resting spent in this place.
 E = Time spent auto-exploring this place.
 F = Levels seen in this place.
 G = Mean time per level.
                   A        B        C        D        E       F      G
               +--------+--------+--------+--------+--------+-----+--------+
         Total |  16775 |  16217 |    558 |   1592 |  11233 |  16 | 1048.4 |
       Dungeon |  14464 |  13962 |    502 |   1351 |   9792 |  12 | 1205.3 |
        Temple |    119 |    113 |      6 |      0 |     91 |   1 |  119.0 |
          Lair |   1740 |   1692 |     48 |     89 |   1209 |   2 |  870.0 |
      Gauntlet |    451 |    451 |      0 |    152 |    141 |   1 |  451.0 |
               +--------+--------+--------+--------+--------+-----+--------+

Top non-repeatable levels by time:
     D:9: 1639 daAuts
     D:3: 1506 daAuts
     D:1: 1473 daAuts
  Lair:1: 1442 daAuts
    D:10: 1389 daAuts
     D:7: 1303 daAuts
     D:6: 1277 daAuts
     D:8: 1185 daAuts
     D:4: 1091 daAuts
    D:11: 977 daAuts
     D:2: 950 daAuts
     D:5: 888 daAuts
    D:12: 781 daAuts
Gauntlet: 451 daAuts
  Lair:2: 297 daAuts
